Map: Frozen Temple

Players

Botvinnik

  • Race: Terran Terran

Kelazhur - Winner!

  • Race: Terran Terran
  • League: Master

Event: Polygon Gaming Invitational 3

VOD

Have the link to the VOD?

Description

Time

  • Played on: June 4, 2016, 2:54 p.m.
  • Length: 12:10

All games in this series

Show
View Real Time Build Order
Export as new Build Order

Botvinnik Terran 

Build Orders:  

Get SALT Encoding   

  12  0:01  SCV  
  13  0:13  SCV  
  14  0:17  Supply Depot  
  14  0:25  SCV  
  15  0:37  Refinery  
  15  0:39  SCV  
  16  0:44  Barracks  
  16  0:51  SCV  
  17  1:03  SCV  
  18  1:15  SCV  
  19  1:33  Marine  
  19  1:35  Orbital Command  
  19  1:39  Factory  
  20  1:46  Supply Depot  
  20  1:56  Reaper  
  20  2:00  SCV  
  22  2:13  SCV  
  23  2:19  Command Center  
  25  2:23  Hellion  
  25  2:26  SCV  
  25  2:28  Reaper  
  27  2:33  Refinery  
  27  2:34  Supply Depot  
  27  2:39  SCV  
  30  2:44  Hellion  
  30  2:52  Starport, SCV  
  31  3:04  SCV  
  32  3:10  Barracks Reactor, Hellion  
  34  3:16  SCV  
  34  3:18  Supply Depot  
  35  3:27  Engineering Bay  
  35  3:30  Viking  
  37  3:39  Orbital Command  
  36  3:46  Marine x2  
  38  3:48  Factory Tech Lab  
  38  3:51  SCV  
  39  3:58  Missile Turret  
  37  4:07  Marine x2  
  37  4:08  Orbital Command  
  38  4:12  Siege Tank  
  38  4:13  Viking  
  42  4:17  SCV  
  43  4:26  Marine x2  
  45  4:37  SCV  
  46  4:44  Missile Turret  
  46  4:49  Orbital Command  
  46  4:59  SCV  
  41  5:00  Marine  
  41  5:01  Marine  
  32  5:08  Viking, Siege Tank  
  32  5:11  SCV  
  33  5:17  SCV  
  33  5:23  SCV  
  28  5:29  SCV  
  28  5:35  SCV  
  30  5:41  SCV  
  31  5:47  SCV  
  32  5:53  Marine x2, Siege Tank, SCV  
  38  5:59  SCV  
  39  6:05  SCV  
  40  6:11  SCV  
  40  6:15  Marine  
  40  6:16  Marine  
  40  6:17  SCV  
  44  6:23  Barracks x2, SCV  
  45  6:29  SCV  
  46  6:34  Supply Depot, Marine  
  46  6:35  Marine, SCV  
  49  6:41  SCV  
  49  6:43  Starport Reactor, Siege Tank  
  53  6:47  SCV  
  53  6:53  SCV  
  54  6:56  Marine  
  54  6:57  Marine  
  54  6:58  Viking  
  58  7:07  SCV x2  
  60  7:22  Marine  
  55  7:23  Siege Tank, SCV  
  55  7:24  SCV  
  60  7:37  Marine, SCV  
  60  7:40  Barracks Tech Lab  
  60  7:42  Viking  
  60  7:43  Viking  
  64  7:44  SCV  
  64  7:49  SCV  
  66  7:52  Marine  
  66  7:55  Marine  
  66  7:56  SCV  
  69  8:01  SCV  
  70  8:09  Stimpack  
  70  8:11  SCV  
  69  8:13  SCV  
  69  8:18  Supply Depot x2  
  69  8:20  Medivac  
  69  8:28  SCV  
  69  8:31  Terran Infantry Weapons Level 1  
  70  8:39  Medivac, SCV  
  73  8:41  Refinery  
  73  8:42  Refinery  
  73  8:46  Marine x2  
  75  8:54  Medivac  
  77  8:58  Siege Tank  
  77  9:00  Marine  
  81  9:04  Marine x2, Barracks  
  81  9:09  Barracks  
  83  9:17  Marine  
  83  9:21  Marine  
  83  9:22  Marine  
  86  9:25  Supply Depot  
  86  9:27  Supply Depot  
  86  9:31  Supply Depot  
  86  9:44  Supply Depot  
  86  9:47  Marine x3, Medivac x2  
  86  9:49  Siege Tank  
  96  9:56  Marine x2  
  98  10:04  Marine x3  
  99  10:14  Marine x2  
  99  10:18  SCV  
  98  10:22  Marine x3  
  97  10:29  Siege Tank  
  97  10:30  Medivac x2  
  97  10:32  Marine x2  
  97  10:33  Supply Depot  
  106  10:40  Marine x3  
  109  10:50  Marine  
  110  11:01  Siege Tank  
  107  11:08  Marine x5  
  111  11:19  Supply Depot x2  
  111  11:22  Supply Depot  
  111  11:23  Supply Depot  
  110  11:31  Supply Depot  
  110  11:32  Supply Depot  
  106  11:40  Marine x3  
  106  11:41  Marine x2  
Show
View Real Time Build Order
Export as new Build Order

Kelazhur Terran - Winner!

Build Orders: 1/1/1, Liberator Opening 

Get SALT Encoding   

  12  0:01  SCV  
  13  0:13  SCV  
  14  0:18  Supply Depot  
  14  0:25  SCV  
  14  0:28  Refinery  
  15  0:39  SCV  
  16  0:45  Barracks  
  16  0:52  SCV  
  16  0:55  Refinery  
  17  1:04  SCV  
  18  1:16  SCV  
  19  1:32  Factory, Orbital Command  
  19  1:35  Reaper  
  20  1:45  Supply Depot  
  20  1:58  SCV  
  21  2:07  Reaper  
  22  2:10  SCV  
  23  2:17  Starport, Hellion  
  23  2:22  SCV  
  26  2:27  Supply Depot  
  26  2:34  SCV  
  26  2:36  Liberator  
  27  2:38  Hellion  
  27  2:39  Reaper  
  30  2:47  SCV  
  34  3:00  Hellion  
  36  3:15  Supply Depot, Reaper  
  36  3:17  SCV  
  38  3:31  Command Center  
  38  3:38  Viking  
  42  3:48  Hellion  
  42  3:49  Reaper  
  43  3:56  Engineering Bay  
  43  3:58  Supply Depot, SCV  
  44  4:13  Factory Tech Lab  
  44  4:14  Starport Reactor  
  43  4:26  Barracks Reactor  
  43  4:29  SCV  
  44  4:32  Siege Tank  
  47  4:44  Orbital Command  
  47  4:45  SCV  
  46  5:02  Orbital Command  
  46  5:04  Siege Tank  
  46  5:06  SCV  
  46  5:12  Marine x2  
  45  5:18  Viking, SCV  
  45  5:19  Viking  
  42  5:28  SCV  
  42  5:30  Marine x2, SCV  
  46  5:36  Siege Tank  
  46  5:40  SCV  
  46  5:42  SCV  
  51  5:47  Marine x2  
  51  5:48  Viking  
  51  5:49  Viking  
  57  5:53  SCV  
  57  5:54  SCV  
  57  5:55  Supply Depot  
  59  5:57  Refinery  
  59  6:05  Barracks, SCV  
  59  6:06  Barracks  
  59  6:07  Marine, SCV  
  59  6:08  Marine  
  63  6:14  Siege Tank  
  63  6:17  SCV  
  67  6:23  SCV  
  68  6:27  Viking  
  68  6:30  SCV  
  71  6:33  Supply Depot  
  71  6:34  Refinery  
  71  6:36  Terran Infantry Weapons Level 1  
  71  6:38  Barracks Tech Lab  
  71  6:39  SCV  
  72  6:42  SCV  
  73  6:51  SCV  
  73  6:52  Marine  
  74  6:54  SCV  
  74  6:56  Siege Tank  
  78  7:03  Marine x2, Stimpack  
  80  7:12  Barracks  
  80  7:13  Marine  
  80  7:14  Barracks  
  81  7:16  SCV  
  81  7:21  Marine x2  
  84  7:23  SCV  
  84  7:27  Supply Depot  
  84  7:28  Supply Depot, SCV  
  86  7:30  Supply Depot  
  86  7:45  Barracks Reactor x2  
  86  7:47  Supply Depot  
  86  7:48  Marine  
  86  7:49  Medivac, Siege Tank, SCV, Armory  
  86  7:50  Engineering Bay  
  93  7:56  SCV  
  93  7:57  Medivac  
  96  8:04  Barracks Reactor  
  96  8:06  Supply Depot, Marine  
  96  8:10  Command Center  
  91  8:24  Marine x2, Medivac  
  91  8:25  Marine x5  
  100  8:27  Medivac  
  100  8:29  Terran Infantry Armor Level 1  
  100  8:30  Supply Depot  
  102  8:41  Marine  
  102  8:42  Marine x3  
  102  8:43  Marine x3  
  102  8:44  Marine x2  
  102  8:48  Terran Infantry Weapons Level 2  
  111  8:56  Medivac  
  111  8:59  Marine  
  111  9:00  Marine  
  115  9:07  Marine  
  115  9:08  Marine, Combat Shields  
  117  9:12  Marine x5  
  117  9:15  SCV  
  117  9:16  SCV  
  124  9:18  Supply Depot  
  124  9:20  Marine x2  
  126  9:25  Marine x2  
  126  9:30  Marine x2  
  126  9:31  Marine x3  
  129  9:36  Siege Tank  
  129  9:38  Marine  
  136  9:39  Medivac x2  
  136  9:44  Bunker, Marine x3  
  143  9:48  Marine  
  143  9:50  Orbital Command  
  144  9:55  Marine  
  144  9:56  Marine  
  144  9:59  Terran Vehicle Weapons Level 1  
  144  10:04  Supply Depot, Marine  
  144  10:07  Marine  
  145  10:13  Marine  
  147  10:14  Marine x5  
  147  10:19  Siege Tank  
  146  10:28  Medivac x2  
  146  10:29  Marine x3  
  153  10:41  Marine x4  
  157  10:50  Marine  
  157  10:51  Marine  
  159  10:58  Marine  
  159  10:59  Siege Tank  
  147  11:04  Marine  
  147  11:07  Marine x6  
  147  11:08  Marine  
  153  11:16  Marine  
  153  11:18  Refinery, SCV x3  
  157  11:22  Marine  
  157  11:23  Medivac x2  
  157  11:25  Marine x2  
  161  11:30  Supply Depot  
  160  11:40  Marine  
  160  11:45  Marine x5  
Tags
 
Add a new tag
Caveats
  • Supply blocks, unpowered buildings, or Contaminate may cause inaccurate times.
  • Supply counts are checked every 10 seconds.